 Dungeon Crawl Stone Soup version 0.28-a0-657-g71136c5590 (webtiles) character file.

Game seed: 5894256766274727812

5289 lawman0 the Covert (level 10, 0/73 HPs)
             Began as a Gnoll Delver on Oct 13, 2021.
             Was an Elder of Hepliaklqana.
             Constricted to death by a starspawn tentacle (2 damage)
             ... attached to a tentacled starspawn
             ... on level 1 of the Abyss.
             The game lasted 00:20:28 (9642 turns).

lawman0 the Covert (Gnoll Delver)                   Turns: 9642, Time: 00:20:29

Health: 0/73       AC: 11    Str: 11      XL:     10   Next: 63%
Magic:  0/18       EV: 11    Int: 14      God:    Hepliaklqana [****..]
Gold:   479        SH:  0    Dex: 12 (13) Spells: 8/19 levels left

rFire   . . .      SeeInvis .   a - +1 mace (holy)
rCold   . . .      Faith    .   (no shield)
rNeg    . . .      Spirit   +   C - +0 steam dragon scales
rPois   .          Reflect  .   y - +0 helmet
rElec   .          Harm     .   (no cloak)
rCorr   .          Rampage  .   (no gloves)
Will    +....                   (no boots)
Stlth   +++++.....              d - amulet of guardian spirit
HPRegen 0.22/turn               u - +4 ring of protection
MPRegen 0.16/turn               w - ring of willpower

@: constricted
A: reduced essence, fangs 1, strong nose, distributed training
a: Renounce Religion, Recall Ancestor, Ancestor Identity, Transference, Idealise


You were on level 1 of the Abyss.
You worshipped Hepliaklqana.
Hepliaklqana was greatly pleased with you.
You visited 2 branches of the dungeon, and saw 11 of its levels.
You visited the Abyss 1 time.

You collected 479 gold pieces.

Inventory:

Hand Weapons
 a - a +1 mace of holy wrath (weapon)
 b - a +0 hunting sling
Missiles
 i - 447 stones (quivered)
 v - 12 poisoned darts
 A - 48 sling bullets
Armour
 y - a +0 helmet (worn)
 C - +0 steam dragon scales (worn)
 G - the +1 cloak of Stoicism {Harm Dex+5}
   (You found it on level 1 of the Abyss)

   Dex:       It affects your dexterity (+5).
   Harm:      It increases damage dealt and taken.
Jewellery
 d - an amulet of guardian spirit (around neck)
 h - a ring of protection from fire
 u - a +4 ring of protection (left hand)
 w - a ring of willpower (right hand)
Wands
 g - a wand of digging (2)
 j - a wand of polymorph (5)
 k - a wand of charming (18)
 l - a wand of flame (11)
 r - a wand of iceblast (13)
 D - a wand of paralysis (6)
Scrolls
 c - 4 scrolls of fog
 e - a scroll of summoning
 n - a scroll of magic mapping
 p - 2 scrolls of vulnerability
 q - 3 scrolls of teleportation
 s - a scroll of amnesia
 t - a scroll of silence
 x - a scroll of enchant weapon
 E - a scroll of immolation
Potions
 f - a potion of haste
 m - 3 potions of heal wounds
 o - a potion of attraction
 z - a potion of magic
 B - 2 potions of curing
 F - a potion of resistance


   Skills:
 + Level 8.6 Fighting
 + Level 5.4 Short Blades
 + Level 5.4 Long Blades
 + Level 5.4 Axes
 + Level 7.2 Maces & Flails
 + Level 5.4 Polearms
 + Level 5.4 Staves
 + Level 5.4 Slings
 + Level 5.4 Bows
 + Level 5.4 Crossbows
 + Level 5.4 Throwing
 + Level 5.4 Armour
 + Level 7.2 Dodging
 + Level 11.0 Stealth
 + Level 5.4 Shields
 + Level 5.4 Unarmed Combat
 + Level 5.4 Spellcasting
 + Level 4.5 Conjurations
 + Level 4.5 Hexes
 + Level 4.5 Summonings
 + Level 4.5 Necromancy
 + Level 4.5 Translocations
 + Level 4.5 Transmutations
 + Level 4.5 Fire Magic
 + Level 4.5 Ice Magic
 + Level 4.5 Air Magic
 + Level 4.5 Earth Magic
 + Level 4.5 Poison Magic
 + Level 6.0 Invocations
 + Level 5.4 Evocations


You had 8 spell levels left.
You knew the following spells:

 Your Spells              Type           Power      Damage    Failure   Level
a - Swiftness             Air            16%        N/A       8%          3
b - Cause Fear            Hex            8%         N/A       26%         4
c - Airstrike             Air            8%         N/A       26%         4

Your spell library contained the following spells:

 Spells                   Type           Power      Damage    Failure   Level
 Shock                    Conj/Air       64%        1d7       2%          1
 Inner Flame              Hex/Fire       16%        N/A       8%          3
 Discord                  Hex            8%         N/A       100%        8


Dungeon Overview and Level Annotations

Branches:
Dungeon (10/15)            Temple (1/1) D:5             Orc (0/2) D:9
   Lair: D:8-11

Altars:
Ashenzari
Cheibriados
Dithmenos
Elyvilon
Fedhas
Hepliaklqana
Makhleb
Nemelex Xobeh
Okawaru
Qazlal
Ru
Sif Muna
Trog
Uskayaw
Vehumet
Wu Jian
Xom
Yredelemnul
Zin
The Shining One

Shops:
D:4 [   D:10 ?

Annotations:
D:10 Harold


Innate Abilities, Weirdness & Mutations

Your life essence is reduced to manifest your ancestor. (-10% HP)
You have very sharp teeth.
Your uncanny sense of smell can sniff out nearby items.
Your experience applies equally to all skills.


Message History

The tentacled starspawn bites you. The tentacled starspawn misses you.
The starspawn tentacle grabs you. The starspawn tentacle constricts you.
You hit the tentacled starspawn.
The starspawn tentacle loses its grip on you.
The tentacled starspawn is lightly damaged.
The tentacled starspawn bites you but does no damage.
The tentacled starspawn barely misses you.
The starspawn tentacle grabs you. The starspawn tentacle constricts you.
You hit the tentacled starspawn but do no damage.
The starspawn tentacle loses its grip on you.
The tentacled starspawn is lightly damaged.
The tentacled starspawn bites you but does no damage.
The tentacled starspawn tentacle-slaps you!
The starspawn tentacle barely misses you.
The starspawn tentacle grabs you. The starspawn tentacle constricts you.
You hit the tentacled starspawn.
The starspawn tentacle loses its grip on you.
You bite the tentacled starspawn, but do no damage.
The tentacled starspawn is lightly damaged.
The tentacled starspawn bites you!
The tentacled starspawn tentacle-slaps you!
* * * LOW HITPOINT WARNING * * *
The starspawn tentacle misses you. x2
You hit the tentacled starspawn but do no damage.
The tentacled starspawn is lightly damaged.
The tentacled starspawn bites you!
* * * LOW HITPOINT WARNING * * *
The tentacled starspawn closely misses you.
The starspawn tentacle grabs you. The starspawn tentacle constricts you.
* * * LOW HITPOINT WARNING * * *
You sock the tentacled starspawn!
The starspawn tentacle loses its grip on you.
You punch the tentacled starspawn, but do no damage.
The tentacled starspawn is lightly damaged.
The tentacled starspawn bites you!
* * * LOW HITPOINT WARNING * * *
The tentacled starspawn tentacle-slaps you.
* * * LOW HITPOINT WARNING * * *
The starspawn tentacle grabs you. The starspawn tentacle constricts you.
You die...

.# ## #.... .. #.#
.# ....... ....... .
#.###.#. ....###.##
.#........... .
.#####...#..####
##### .. ... ..+....
....## #### #...
..##.# .....
.#...##.#####w.# ..
..#..........@X.# .
...#.
##......w...... . #
.#...#########.#####
.. .##.#. ... ##. ..
#.# . #. .# ...
####. .#.. ..# #####
≈#


You could see a tentacled starspawn and 2 starspawn tentacles.

Vanquished Creatures
  A two-headed ogre (D:9)
  Psyche (D:8)
  Prince Ribbit (D:6)
  Grinder (D:6)
  A shadow (D:9)
  Eustachio (D:5)
  A steam dragon (D:7)
  Menkaure (D:6)
  A sky beast (D:7)
  3 black bears
  An orc warrior (D:9)
  A centaur (D:7)
  A kobold brigand (D:8)
  2 bullfrogs
  2 gnoll sergeants
  2 scorpions
  2 vampire bats (D:6)
  A howler monkey (D:9)
  2 bullfrog zombies (D:4)
  A quasit (Abyss:1)
  2 centaur zombies
  A hound (D:6)
  A bullfrog skeleton (D:6)
  A centaur skeleton (D:6)
  A scorpion zombie (D:4)
  Terence (D:2)
  A hexer (D:9)
  An iguana (D:4)
  3 orc wizards
  A killer bee zombie (D:7)
  A hound skeleton (D:5)
  6 gnolls
  2 adders
  2 shadow imps
  2 white imps
  2 ufetubi
  An adder skeleton (D:4)
  A worm (D:3)
  A dart slug (D:1)
  21 orcs
  9 bats
  6 endoplasms
  3 giant cockroaches
  4 goblins
  10 hobgoblins
  4 jackals (D:3)
  13 kobolds
  3 quokkas
  4 ball pythons
  3 frilled lizards
  8 rats
146 creatures vanquished.

Vanquished Creatures (collateral kills)
  A kobold demonologist (D:9)
  A shadow (D:9)
  A water moccasin (D:8)
  An ice beast (D:6)
  A necrophage (D:5)
  An ogre (D:7)
  A centaur (D:6)
  2 bullfrogs (D:8)
  2 scorpions
  A water moccasin zombie (D:4)
  2 centaur zombies
  An orc priest (D:3)
  A gnoll shaman (D:7)
  An iguana (D:5)
  2 orc wizards
  A killer bee zombie (D:7)
  A hound zombie (D:5)
  7 gnolls
  2 adders
  A worm (D:4)
  4 orcs
  3 bats (D:6)
  A goblin (D:4)
  4 kobolds
  A quokka (D:3)
44 creatures vanquished.

Vanquished Creatures (others)
  An ancestor (D:2)
  3 hexers
  2 fungi (D:10)
  6 plants (D:2)
12 creatures vanquished.

Grand Total: 202 creatures vanquished

Notes
Turn   | Place    | Note
-------+----------+-------------------------------------------
     0 | D:5      | Reached skill level 9 in Stealth
     0 | D:5      | lawman0 the Gnoll Delver began the quest for the Orb.
     0 | D:5      | Reached XP level 1. HP: 23/23 MP: 1/1
    20 | D:5      | Noticed a scorpion
    27 | D:5      | Noticed an iguana
    34 | D:4      | Noticed an iguana
    74 | D:5      | Found a staircase to the Ecumenical Temple.
    85 | D:5      | Reached XP level 2. HP: 20/29 MP: 2/2
   102 | Temple   | Entered the Ecumenical Temple
   265 | Temple   | Became a worshipper of Hepliaklqana the Forgotten
   314 | D:5      | Noticed Eustachio
   340 | D:4      | Reached XP level 3. HP: 31/35 MP: 3/3
   344 | D:4      | Noticed a scorpion
   473 | D:3      | Reached skill level 1 in Invocations
   627 | D:3      | Found a shimmering altar of Xom.
   850 | D:3      | Found a white marble altar of Elyvilon.
   963 | D:2      | Noticed Terence
   971 | D:2      | Killed Terence
   972 | D:2      | Reached skill level 1 in Short Blades
   972 | D:2      | Reached skill level 1 in Long Blades
   972 | D:2      | Reached skill level 1 in Axes
   972 | D:2      | Reached skill level 1 in Polearms
   972 | D:2      | Reached skill level 1 in Staves
   972 | D:2      | Reached skill level 1 in Slings
   972 | D:2      | Reached skill level 1 in Bows
   972 | D:2      | Reached skill level 1 in Crossbows
   972 | D:2      | Reached skill level 1 in Throwing
   972 | D:2      | Reached skill level 1 in Armour
   972 | D:2      | Reached skill level 1 in Shields
   972 | D:2      | Reached skill level 1 in Unarmed Combat
   972 | D:2      | Reached skill level 1 in Spellcasting
   972 | D:2      | Reached skill level 1 in Evocations
   972 | D:2      | Reached XP level 4. HP: 41/41 MP: 1/5
  1106 | D:2      | Found a shimmering blue altar of Sif Muna.
  1304 | D:1      | Reached * piety under Hepliaklqana
  1359 | D:1      | Reached skill level 1 in Conjurations
  1359 | D:1      | Reached skill level 1 in Hexes
  1359 | D:1      | Reached skill level 1 in Summonings
  1359 | D:1      | Reached skill level 1 in Necromancy
  1359 | D:1      | Reached skill level 1 in Translocations
  1359 | D:1      | Reached skill level 1 in Transmutations
  1359 | D:1      | Reached skill level 1 in Fire Magic
  1359 | D:1      | Reached skill level 1 in Ice Magic
  1359 | D:1      | Reached skill level 1 in Air Magic
  1359 | D:1      | Reached skill level 1 in Earth Magic
  1359 | D:1      | Reached skill level 1 in Poison Magic
  2109 | D:2      | Reached XP level 5. HP: 42/42 MP: 6/6
  2785 | D:2      | Reached ** piety under Hepliaklqana
  2786 | D:2      | Remembered your ancestor Ku-aya as a hexer
  3075 | D:3      | Found a faded altar of an unknown god.
  3349 | D:4      | Noticed a black bear
  3355 | D:4      | Killed a black bear
  3356 | D:4      | Reached XP level 6. HP: 47/47 MP: 8/8
  3361 | D:4      | Reached skill level 5 in Maces & Flails
  3361 | D:4      | Reached skill level 5 in Dodging
  3402 | D:4      | Found an ornate altar of the Wu Jian Council.
  3402 | D:4      | Found a blossoming altar of Fedhas.
  3402 | D:4      | Found a stormy altar of Qazlal.
  3595 | D:4      | Found Ycyisk's Antique Armour Shoppe.
  3662 | D:4      | Found a basalt altar of Yredelemnul.
  3671 | D:4      | Reached XP level 7. HP: 50/53 MP: 8/10
  3740 | D:4      | Found an iron altar of Okawaru.
  4090 | D:5      | Killed Eustachio
  4091 | D:5      | Reached skill level 10 in Stealth
  4464 | D:5      | Reached XP level 8. HP: 19/60 MP: 3/12
  5313 | D:6      | Reached *** piety under Hepliaklqana
  5363 | D:6      | Noticed Menkaure
  5368 | D:6      | Killed Menkaure
  5881 | D:6      | Noticed Prince Ribbit
  5882 | D:6      | Noticed Grinder
  5885 | D:6      | Killed Prince Ribbit
  5891 | D:6      | Reached XP level 9. HP: 26/64 MP: 5/14
  5893 | D:6      | Killed Grinder
  6535 | D:7      | Found a sparkling altar of Nemelex Xobeh.
  7437 | D:7      | Reached skill level 5 in Invocations
  7929 | D:8      | Noticed Psyche
  7933 | D:8      | Killed Psyche
  7934 | D:8      | Reached XP level 10. HP: 72/72 MP: 17/17
  7990 | D:8      | Learned a level 3 spell: Swiftness
  7995 | D:8      | Learned a level 4 spell: Cause Fear
  8000 | D:8      | Learned a level 4 spell: Airstrike
  8125 | D:8      | Found a shimmering blue altar of Sif Muna.
  8357 | D:9      | Noticed a two-headed ogre
  8372 | D:9      | Reached skill level 5 in Short Blades
  8372 | D:9      | Reached skill level 5 in Long Blades
  8372 | D:9      | Reached skill level 5 in Axes
  8372 | D:9      | Reached skill level 5 in Polearms
  8372 | D:9      | Reached skill level 5 in Staves
  8372 | D:9      | Reached skill level 5 in Slings
  8372 | D:9      | Reached skill level 5 in Bows
  8372 | D:9      | Reached skill level 5 in Crossbows
  8372 | D:9      | Reached skill level 5 in Throwing
  8372 | D:9      | Reached skill level 5 in Armour
  8372 | D:9      | Reached skill level 5 in Shields
  8372 | D:9      | Reached skill level 5 in Unarmed Combat
  8372 | D:9      | Reached skill level 5 in Spellcasting
  8372 | D:9      | Reached skill level 5 in Evocations
  8435 | D:9      | Reached **** piety under Hepliaklqana
  8444 | D:9      | Noticed a kobold demonologist
  8453 | D:9      | Killed a kobold demonologist
  8455 | D:9      | Found a radiant altar of Vehumet.
  8529 | D:9      | Found a staircase to the Orcish Mines.
  8767 | D:9      | Killed a two-headed ogre
  8768 | D:9      | Reached skill level 11 in Stealth
  8947 | D:10     | Entered Level 10 of the Dungeon
  8947 | D:10     | Found Equutrad's Magic Scroll Shoppe.
  9331 | D:10     | Noticed Harold
  9349 | D:10     | Cast into level 1 of the Abyss (Harold)
  9350 | Abyss:1  | oh
  9372 | Abyss:1  | Noticed a large abomination
  9405 | Abyss:1  | Noticed a starcursed mass
  9459 | Abyss:1  | Noticed a starcursed mass
  9501 | Abyss:1  | Noticed a starcursed mass
  9514 | Abyss:1  | Noticed a large abomination
  9531 | Abyss:1  | Noticed a lich
  9540 | Abyss:1  | Noticed an ancient lich
  9541 | Abyss:1  | Noticed a lich
  9599 | Abyss:1  | Found a corrupted altar of Lugonu.
  9613 | Abyss:1  | Identified the +1 cloak of Stoicism {Harm Dex+5}
  9633 | Abyss:1  | Noticed a tentacled starspawn
  9642 | Abyss:1  | HP: 3/73 [tentacled starspawn (9)]
  9642 | Abyss:1  | Constricted to death by a starspawn tentacle

Illustrated notes

.. ...#..#
.##...#.#
.......#
......# .....
... #.# #@#
#'# ... .....
.......
......)..
...........
............#


Turn 9350 on Abyss:1: oh

Levels and vault maps discovered:
D:1:      heliophobic_arrival_ceremonial_halls, layout_basic, minivault_27,
          serial_park_tiny_pond, dk_noncrumbling_4
D:2:      layout_basic, basic_altar, lexackson_kobold_supper, uniq_terence
D:3:      layout_basic, mainiacjoe_overflow_small_starburst,
          mainiacjoe_overflow_tiny_flanked, hellmonk_ecumenical_altar_lost_god,
          minmay_misc_feat_enclosed
D:4:      black_bear_nest_1, layout_gridville, nicolae_yredelemnul_corpse_copse,
          kennysheep_little_box, gammafunk_temple_overflow_forgotten,
          serial_shops, nicolae_shop_trees
D:5:      layout_rooms, minmay_temple_entry_crystal_x, serial_rivers,
          chequers_serial_rivers_large_a, chequers_serial_rivers_micro_c,
          chequers_serial_rivers_small_b, chequers_serial_rivers_large_b,
          chequers_serial_rivers_micro_d, kennysheep_generic_room_12,
          uniq_eustachio
D:6:      layout_loops_corners, roderic_batcave, kennysheep_generic_room_14,
          uniq_grinder, uniq_menkaure, uniq_prince_ribbit1
D:7:      layout_rooms, nemelex_xobeh_ov_fountains_minmay
D:8:      layout_loops_ring, tgw_sif, uniq_psyche
D:9:      layout_rooms, mainiacjoe_overflow_chevrons, david_orc_2
D:10:     layout_loops_corners, lemuel_mausoleum_altar_kikubaaqudgha,
          grunt_gozag_statues, grunt_lair_entry_orc_guard_hut,
          nicolae_stop_n_shop_1, uniq_joseph, uniq_harold
Temple:   eino_temple_lava
Abyss:1:  base: D:2, hangedman_abyss_exit_choices

Skill      XL: |  1  2  3  4  5  6  7  8  9 10 |
---------------+-------------------------------+-----
Stealth        | 10 11 | 11.0
Invocations    | 1 2 3 4 5 6 |  6.0
Short Blades   | 1 2 3 4 5 |  5.4
Long Blades    | 1 2 3 4 5 |  5.4
Axes           | 1 2 3 4 5 |  5.4
Polearms       | 1 2 3 4 5 |  5.4
Staves         | 1 2 3 4 5 |  5.4
Slings         | 1 2 3 4 5 |  5.4
Bows           | 1 2 3 4 5 |  5.4
Crossbows      | 1 2 3 4 5 |  5.4
Throwing       | 1 2 3 4 5 |  5.4
Armour         | 1 2 3 4 5 |  5.4
Shields        | 1 2 3 4 5 |  5.4
Unarmed Combat | 1 2 3 4 5 |  5.4
Spellcasting   | 1 2 3 4 5 |  5.4
Evocations     | 1 2 3 4 5 |  5.4
Conjurations   | 1 2 3 4 |  4.5
Hexes          | 1 2 3 4 |  4.5
Summonings     | 1 2 3 4 |  4.5
Necromancy     | 1 2 3 4 |  4.5
Translocations | 1 2 3 4 |  4.5
Transmutations | 1 2 3 4 |  4.5
Fire Magic     | 1 2 3 4 |  4.5
Ice Magic      | 1 2 3 4 |  4.5
Air Magic      | 1 2 3 4 |  4.5
Earth Magic    | 1 2 3 4 |  4.5
Poison Magic   | 1 2 3 4 |  4.5
Maces & Flails | 5 6 7 |  7.2
Dodging        | 5 6 7 |  7.2
Fighting       | 7 8 |  8.6

Action                   |  1- 3 |  4- 6 |  7- 9 | 10-12 || total
-------------------------+-------+-------+-------+-------++-------
Melee: Mace              |    48 |   105 |   220 |   122 ||   495
       Bite              |     6 |       |    26 |    15 ||    47
       Punch             |       |       |     1 |     1 ||     2
 Fire: Hunting sling     |       |    38 |    46 |    16 ||   100
 Cast: Airstrike         |       |       |       |     1 ||     1
Invok: Ancestor Life: He |       |     1 |       |       ||     1
       Recall Ancestor   |       |       |       |     1 ||     1
Evoke: Wand              |       |     1 |    16 |     4 ||    21
  Use: Scroll            |     1 |     1 |     2 |    12 ||    16
       Potion            |     1 |       |     3 |     3 ||     7
 Stab: Sleeping          |     5 |    16 |     4 |     2 ||    27
       Distracted        |     1 |     1 |     3 |     1 ||     6
       Confused          |       |     1 |     6 |     2 ||     9
       Paralysed         |       |       |       |     2 ||     2
Armor: Leather armour    |     4 |    25 |    65 |       ||    94
       Skin              |       |       |     2 |       ||     2
       Steam dragon scal |       |       |    20 |    37 ||    57
Dodge: Dodged            |    24 |    69 |   215 |   117 ||   425

Table legend: (Time is in decaauts)
 A = Elapsed time spent in this place.
 B = Non-inter-level travel time spent in this place.
 C = Inter-level travel time spent in this place.
 D = Time resting spent in this place.
 E = Time spent auto-exploring this place.
 F = Levels seen in this place.
 G = Mean time per level.
                   A        B        C        D        E       F      G
               +--------+--------+--------+--------+--------+-----+--------+
         Total |   9741 |   9390 |    351 |   1481 |   5732 |  12 |  811.8 |
       Dungeon |   9293 |   8949 |    344 |   1481 |   5606 |  10 |  929.3 |
        Temple |    171 |    164 |      7 |      0 |    126 |   1 |  171.0 |
         Abyss |    276 |    276 |      0 |      0 |      0 |   1 |  276.0 |
               +--------+--------+--------+--------+--------+-----+--------+

Top non-repeatable levels by time:
     D:6: 1483 daAuts
     D:2: 1242 daAuts
     D:5: 1187 daAuts
     D:7: 990 daAuts
     D:9: 970 daAuts
     D:3: 857 daAuts
     D:8: 855 daAuts
     D:4: 846 daAuts
     D:1: 801 daAuts
 Abyss:1: 276 daAuts
  Temple: 171 daAuts
    D:10: 60 daAuts
